 Dungeon Crawl Stone Soup version 0.28-a0-1524-ge72afd5fc6 (webtiles) character file.

Game seed: 1523150839178021297

316 knot the Chopper (level 6, 28/70 HPs)
             Began as a Demonspawn Berserker on Jan 18, 2022.
             Was a Believer of Trog.
             Quit the game on level 3 of the Dungeon.
             The game lasted 00:01:26 (3340 turns).

knot the Chopper (Demonspawn Berserker)             Turns: 3340, Time: 00:01:27

Health: 28/70      AC:  3    Str: 17    XL:     6   Next: 20%
Magic:  6/6        EV: 12    Int: 10    God:    Trog [**....]
Gold:   95         SH:  4    Dex: 13    Spells: 5/5 levels left

rFire   . . .      SeeInvis .   h - +1 short sword (venom)
rCold   . . .      Faith    .   (no shield)
rNeg    . . .      Spirit   .   b - +0 animal skin
rPois   .          Reflect  .   (no helmet)
rElec   .          Harm     .   (no cloak)
rCorr   .          Rampage  .   k - +0 pair of gloves
Will    ++...                   (no boots)
Stlth   ..........              (no amulet)
HPRegen 1.21/turn               (no ring)
MPRegen 0.10/turn               (no ring)

@: berserking (expiring), strong-willed, regenerating, very quick
A: condensation shield, demonic touch 2
a: Renounce Religion, Berserk, Trog's Hand


You were on level 3 of the Dungeon.
You worshipped Trog.
Trog was pleased with you.
You visited 1 branch of the dungeon, and saw 3 of its levels.

You collected 95 gold pieces.

Inventory:

Hand Weapons
 a - a +0 hand axe
 h - a +1 short sword of venom (weapon)
Missiles
 c - 3 javelins (quivered)
 e - 69 stones
Armour
 b - a +0 animal skin (worn)
 k - a +0 pair of gloves (worn)
Scrolls
 d - a scroll of vulnerability {unknown}
 f - a scroll of blinking {unknown}
 i - 3 scrolls of identify {unknown}
Potions
 g - a potion of heal wounds {unknown}
 j - a potion of berserk rage {unknown}


   Skills:
 - Level 3.0 Fighting
 + Level 6.4 Axes
 - Level 1.7 Armour
 - Level 1.7 Dodging


You had 5 spell levels left.
You didn't know any spells.
Your spell library was empty.

Dungeon Overview and Level Annotations

Branches:
Dungeon (3/15)

Altars:
Xom
Zin


Innate Abilities, Weirdness & Mutations

A meltable shield of frost defends you. (SH +4)
Your touch may inflict irresistible damage on your foes.


Message History

You hit Grinder.
Grinder is poisoned.
Your touch misses Grinder.
Grinder is lightly wounded.
Grinder hits you!
You writhe in agony.
* * * LOW HITPOINT WARNING * * *
You are too injured to fight recklessly!
Your skin crawls.
You feel strong-willed. Grinder barely misses you.
A red film seems to cover your vision as you go berserk!
You feel yourself moving faster!
You feel mighty! Grinder hits you but does no damage.
You puncture Grinder!
Grinder is heavily wounded.
You closely miss Grinder.
You touch Grinder.
Grinder is heavily wounded.
Grinder hits you but does no damage.
You hit Grinder.
Grinder is severely wounded.
Grinder hits you.
You writhe in agony.
You closely miss Grinder. You punch Grinder.
Grinder is severely wounded.
Grinder says, "There's only one good use for a tongue: cutting it out."
Grinder misses you.
You hit Grinder.
Grinder looks even sicker.
Grinder is almost dead.
You barely miss Grinder. Your touch misses Grinder.
Grinder is almost dead.
Grinder gestures at you. You resist with almost no effort.
You puncture Grinder!
You kill Grinder!
Trog accepts your kill.
Your Axes skill increases to level 6!
You have reached level 5!
Your demonic ancestry asserts itself...
Your hands glow brighter with unholy energy.
You have reached level 6!
Your demonic ancestry asserts itself...
Frost condenses into a shield before you.
Are you sure you want to abandon this character and quit the game? (Confirm with "yes".)

.... ..... ... ..... ...###### ##
<.... #!.....###. .... #......#..
..# .#...(.... # #...## .........
.# ###..# .......!# #######.###
...... #.....@# #.........#
###..# ##.<....###.........#
###..## ....................####
..#...# .......#..#.........#...
#.##..# ###.#####.......##......
#.##..# #.# ######†...#.....
#.†...######.# ##.......#.....
..........##.######..†...........
..#######.........†..#####.......


There were no monsters in sight!

Vanquished Creatures
  Grinder (D:3)
  An iguana (D:3)
  4 adders (D:2)
  A worm (D:2)
  2 dart slugs (D:1)
  5 ball pythons
  2 endoplasms
  2 giant cockroaches (D:1)
  3 goblins (D:1)
  4 hobgoblins
  4 jackals (D:2)
  A quokka (D:2)
  5 bats
  3 frilled lizards
  8 kobolds
  3 rats
49 creatures vanquished.

Notes
Turn   | Place    | Note
-------+----------+-------------------------------------------
     0 | D:1      | knot the Demonspawn Berserker began the quest for the Orb.
     0 | D:1      | Reached XP level 1. HP: 18/18 MP: 1/1
    63 | D:1      | Found a faded altar of an unknown god.
   271 | D:1      | Reached skill level 3 in Axes
   495 | D:1      | Gained mutation: Your touch may inflict minor irresistible
                  | damage on your foes. [demonic ancestry]
   495 | D:1      | Reached XP level 2. HP: 16/24 MP: 2/2
  1629 | D:1      | Reached XP level 3. HP: 24/29 MP: 3/3
  1761 | D:2      | Reached skill level 4 in Axes
  1824 | D:2      | Reached ** piety under Trog
  2214 | D:2      | Reached XP level 4. HP: 13/35 MP: 4/4
  3249 | D:3      | Noticed an angel
  3252 | D:3      | Reached skill level 5 in Axes
  3253 | D:3      | Found a shimmering altar of Xom.
  3324 | D:3      | Noticed Grinder
  3339 | D:3      | Killed Grinder
  3340 | D:3      | Reached skill level 6 in Axes
  3340 | D:3      | Gained mutation: Your touch may inflict irresistible damage
                  | on your foes. [demonic ancestry]
  3340 | D:3      | Reached XP level 5. HP: 24/41 MP: 5/5
  3340 | D:3      | Gained mutation: A meltable shield of frost defends you.
                  | (SH +4) [demonic ancestry]
  3340 | D:3      | Reached XP level 6. HP: 28/47 MP: 6/6
  3340 | D:3      | Quit the game

Illustrated notes

Levels and vault maps discovered:
D:1:      lightli_iron_boxes, layout_loops_ring,
          chequers_ecumenical_altar_simple_redux, roderic_serpentine_path,
          st_stairs_6, kennysheep_pointless_box
D:2:      layout_basic
D:3:      layout_rooms, grunt_temple_overflow_order_and_chaos_1,
          nicolae_overflow_hallway_of_the_gods, kennysheep_boxes, uniq_grinder,
          uniq_jessica, uniq_terence

Skill      XL: |  1  2  3  4 |
---------------+-------------+-----
Axes           | 3 4 6 |  6.4
Fighting       | |  3.0
Armour         | |  1.7
Dodging        | |  1.7

Action                   |  1- 3 |  4- 6 || total
-------------------------+-------+-------++-------
Melee: Hand axe          |    49 |       ||    49
       Short sword       |    52 |    33 ||    85
       Touch             |    12 |     6 ||    18
       Punch             |       |     1 ||     1
Invok: Berserk           |     1 |     1 ||     2
       Trog's Hand       |       |     1 ||     1
 Stab: Sleeping          |     1 |       ||     1
Armor: Animal skin       |    19 |     8 ||    27
Dodge: Dodged            |    58 |    16 ||    74

Table legend: (Time is in decaauts)
 A = Elapsed time spent in this place.
 B = Non-inter-level travel time spent in this place.
 C = Inter-level travel time spent in this place.
 D = Time resting spent in this place.
 E = Time spent auto-exploring this place.
 F = Levels seen in this place.
 G = Mean time per level.
                   A        B        C        D        E       F      G
               +--------+--------+--------+--------+--------+-----+--------+
         Total |   3365 |   3299 |     66 |    786 |   2192 |   3 | 1121.7 |
       Dungeon |   3365 |   3299 |     66 |    786 |   2192 |   3 | 1121.7 |
               +--------+--------+--------+--------+--------+-----+--------+

Top non-repeatable levels by time:
     D:1: 1754 daAuts
     D:2: 1479 daAuts
     D:3: 131 daAuts
